[ AOE2 MATCH · #476957656 ]
Team RMCumans vs Mongols
[ REPLAY ANALYSIS · EXTRACTED FROM THE RECORDED GAME ]
Feudal
16:59
Castle
29:49
Imperial
38:53
| APM avg | 23.2 |
| APM peak | 86 |
| eAPM avg | 14.0 |
| Villagers / military | 83 / 343 |
Focus
⚔️ 39.7% · 🌾 60.3%
Knight ×160 · Kipchak ×150 · Monk ×16 · Trebuchet (Packed) ×15 · Trade Cart ×12 · Battering Ram ×2
Feudal
15:08
Castle
24:28
Imperial
33:00
| APM avg | 12.1 |
| APM peak | 55 |
| eAPM avg | 8.9 |
| Villagers / military | 114 / 499 |
Focus
⚔️ 30.3% · 🌾 69.7%
Camel Scout ×400 · Fire Lancer ×60 · Steppe Lancer ×25 · Trade Cart ×16 · Iron Pagoda ×10 · Trebuchet (Packed) ×3
Feudal
12:08
Castle
23:48
Imperial
34:44
| APM avg | 23.1 |
| APM peak | 100 |
| eAPM avg | 12.4 |
| Villagers / military | 111 / 252 |
Focus
⚔️ 38.1% · 🌾 61.9%
Ratha (Ranged) ×61 · Militia ×54 · Battle Elephant ×40 · Archer ×38 · Elephant Archer ×36 · Trebuchet (Packed) ×22
Feudal
—
Castle
—
Imperial
—
| APM avg | 23.2 |
| APM peak | 87 |
| eAPM avg | 13.5 |
| Villagers / military | 181 / 748 |
Focus
⚔️ 35.5% · 🌾 64.5%
Spearman ×466 · Scout Cavalry ×130 · Mangudai ×103 · Battering Ram ×44 · Trade Cart ×5 · Trebuchet (Packed) ×4
Match map
Initial resources + every placement click. Lines = walls · curves = elevation contours. ◆ gold · ⬟ stone · ● berries · ✦ relic · ◌ wall gap
Your base· ✓ Closed at 29:49 · 20t walls · no gate
NKPIN's base· ✓ Closed at 24:28 · 17t walls · no gate
XSebasnatorX's base· ✓ Closed at 23:48 · 11t walls · no gate
ViejitaX's base· ✓ Closed at 16:20 · 13t walls · no gate
Smoothed initial terrain · ◌ = detected wall gap · hover for details
Inputs per minute
— Jez - - NKPIN
Build order — Jez
First 150 of 565 actions detected
| 0:18 | Create | Villager (Male) |
| 0:19 | Create | Villager (Male) |
| 0:19 | Create | Villager (Male) |
| 0:19 | Create | Villager (Male) |
| 0:19 | Create | Villager (Male) |
| 0:20 | Create | Villager (Male) |
| 0:23 | Build | House |
| 0:26 | Build | House |
| 0:47 | Build | Palisade Wall |
| 3:07 | Create | Villager (Male) |
| 3:07 | Create | Villager (Male) |
| 3:52 | Create | Villager (Male) |
| 3:53 | Create | Villager (Male) |
| 3:53 | Create | Villager (Male) |
| 4:25 | Build | Lumber Camp |
| 4:38 | Create | Villager (Male) |
| 4:38 | Create | Villager (Male) |
| 4:38 | Create | Villager (Male) |
| 5:11 | Create | Villager (Male) |
| 5:40 | Build | House |
| 7:30 | Create | Villager (Male) |
| 7:30 | Create | Villager (Male) |
| 7:31 | Create | Villager (Male) |
| 7:31 | Create | Villager (Male) |
| 7:31 | Create | Villager (Male) |
| 7:31 | Create | Villager (Male) |
| 7:32 | Create | Villager (Male) |
| 9:22 | Build | House |
| 9:37 | Build | Mill |
| 10:09 | Create | Villager (Male) |
| 10:09 | Create | Villager (Male) |
| 10:10 | Create | Villager (Male) |
| 10:10 | Create | Villager (Male) |
| 10:10 | Create | Villager (Male) |
| 10:10 | Create | Villager (Male) |
| 10:20 | Build | House |
| 10:24 | Build | House |
| 11:17 | Build | Mining Camp |
| 11:33 | Build | Barracks |
| 12:26 | Create | Villager (Male) |
| 12:27 | Create | Villager (Male) |
| 14:49 | Research | Feudal Age |
| 15:14 | Build | Farm |
| 15:15 | Build | Farm |
| 15:17 | Build | Farm |
| 15:20 | Build | Farm |
| 15:23 | Build | Farm |
| 15:24 | Build | Farm |
| 15:25 | Build | Farm |
| 15:27 | Build | Farm |
| 15:29 | Build | Farm |
| 16:59 | Age | Feudal Age |
| 17:01 | Research | Wheelbarrow |
| 17:07 | Create | Villager (Male) |
| 17:08 | Create | Villager (Male) |
| 17:22 | Create | Villager (Male) |
| 17:53 | Create | Villager (Male) |
| 18:11 | Create | Villager (Male) |
| 18:55 | Build | Mining Camp |
| 19:02 | Build | Town Center |
| 19:22 | Build | Palisade Wall |
| 19:27 | Create | Villager (Male) |
| 19:28 | Create | Villager (Male) |
| 19:28 | Create | Villager (Male) |
| 19:28 | Create | Villager (Male) |
| 19:28 | Create | Villager (Male) |
| 19:29 | Create | Villager (Male) |
| 20:13 | Build | Outpost |
| 20:28 | Build | House |
| 20:32 | Build | House |
| 21:04 | Build | Stable |
| 21:08 | Build | Archery Range |
| 21:22 | Create | Villager (Male) |
| 21:22 | Create | Villager (Male) |
| 21:22 | Create | Villager (Male) |
| 21:25 | Create | Villager (Male) |
| 21:31 | Research | Gold Mining |
| 21:39 | Build | Market |
| 21:46 | Build | Stable |
| 22:06 | Research | Stone Mining |
| 22:59 | Create | Villager (Male) |
| 22:59 | Create | Villager (Male) |
| 23:08 | Build | Stable |
| 23:17 | Create | Trade Cart |
| 23:17 | Create | Trade Cart |
| 23:17 | Create | Trade Cart |
| 23:17 | Create | Trade Cart |
| 23:18 | Create | Trade Cart |
| 23:18 | Create | Trade Cart |
| 23:29 | Build | Farm |
| 23:32 | Create | Villager (Male) |
| 23:32 | Create | Villager (Male) |
| 23:32 | Create | Villager (Male) |
| 23:33 | Create | Villager (Male) |
| 23:33 | Create | Villager (Male) |
| 23:33 | Create | Villager (Male) |
| 23:33 | Create | Villager (Male) |
| 23:48 | Build | Farm |
| 24:04 | Build | Farm |
| 24:12 | Build | Farm |
| 24:17 | Build | Farm |
| 24:22 | Build | Farm |
| 24:27 | Build | Farm |
| 24:33 | Build | Farm |
| 24:37 | Create | Villager (Male) |
| 24:37 | Create | Villager (Male) |
| 24:38 | Create | Villager (Male) |
| 24:52 | Build | Farm |
| 25:02 | Build | Farm |
| 25:17 | Build | Farm |
| 25:34 | Build | House |
| 25:35 | Build | House |
| 25:36 | Build | House |
| 25:37 | Build | House |
| 25:38 | Build | House |
| 25:40 | Build | House |
| 25:41 | Build | House |
| 25:42 | Build | House |
| 25:43 | Build | House |
| 25:44 | Build | House |
| 25:46 | Build | House |
| 25:48 | Build | House |
| 25:50 | Build | House |
| 25:51 | Build | House |
| 26:03 | Create | Villager (Male) |
| 26:06 | Create | Villager (Male) |
| 27:06 | Research | Castle Age |
| 28:23 | Build | Blacksmith |
| 28:25 | Create | Villager (Male) |
| 28:25 | Create | Villager (Male) |
| 28:25 | Create | Villager (Male) |
| 28:34 | Research | Town Watch |
| 29:39 | Research | Forging |
| 29:40 | Research | Fletching |
| 29:49 | Age | Castle Age |
| 29:52 | Build | Siege Workshop |
| 29:58 | Build | Castle |
| 30:04 | Research | Hand Cart |
| 30:11 | Research | Horse Collar |
| 30:14 | Research | Double-Bit Axe |
| 30:24 | Build | Monastery |
| 30:28 | Build | University |
| 30:31 | Create | Villager (Male) |
| 30:31 | Create | Villager (Male) |
| 30:31 | Create | Villager (Male) |
| 30:33 | Research | Town Patrol |
| 30:37 | Create | Villager (Male) |
| 30:37 | Create | Villager (Male) |
| 30:37 | Create | Villager (Male) |
| 30:38 | Create | Villager (Male) |
Build order — NKPIN
First 150 of 332 actions detected
| 0:00 | Research | Loom |
| 0:13 | Create | Villager (Male) |
| 0:14 | Create | Villager (Male) |
| 0:14 | Create | Villager (Male) |
| 0:14 | Create | Villager (Male) |
| 0:56 | Build | House |
| 2:02 | Build | Palisade Wall |
| 2:58 | Build | House |
| 3:27 | Create | Villager (Male) |
| 4:11 | Create | Villager (Male) |
| 4:34 | Create | Villager (Male) |
| 5:06 | Create | Villager (Male) |
| 5:09 | Create | Villager (Male) |
| 5:38 | Create | Villager (Male) |
| 5:59 | Build | House |
| 6:08 | Create | Villager (Male) |
| 6:10 | Create | Villager (Male) |
| 6:52 | Build | Lumber Camp |
| 7:25 | Create | Villager (Male) |
| 7:26 | Create | Villager (Male) |
| 8:05 | Create | Villager (Male) |
| 8:11 | Build | House |
| 8:25 | Build | Mill |
| 8:31 | Create | Villager (Male) |
| 8:40 | Build | House |
| 9:02 | Create | Villager (Male) |
| 9:02 | Create | Villager (Male) |
| 9:04 | Create | Villager (Male) |
| 10:10 | Create | Villager (Male) |
| 10:11 | Create | Villager (Male) |
| 10:56 | Create | Villager (Male) |
| 10:57 | Create | Villager (Male) |
| 11:11 | Build | House |
| 11:14 | Build | House |
| 11:36 | Build | Mill |
| 11:43 | Create | Villager (Male) |
| 11:43 | Create | Villager (Male) |
| 12:52 | Create | Villager (Male) |
| 12:58 | Research | Feudal Age |
| 14:48 | Create | Villager (Male) ×5 |
| 15:00 | Build | Pasture |
| 15:08 | Build | Pasture |
| 15:08 | Age | Feudal Age |
| 15:13 | Build | Pasture |
| 15:15 | Research | Tech 1014 |
| 15:17 | Research | Double-Bit Axe |
| 15:46 | Build | Stone Wall |
| 15:53 | Create | Villager (Male) |
| 15:57 | Create | Villager (Male) |
| 16:08 | Build | Pasture |
| 16:13 | Build | Pasture |
| 16:16 | Build | Pasture |
| 16:41 | Build | Pasture |
| 17:23 | Build | Watch Tower |
| 17:45 | Create | Villager (Male) |
| 18:11 | Build | Mining Camp |
| 18:14 | Create | Villager (Male) |
| 18:16 | Create | Villager (Male) |
| 18:43 | Build | Pasture |
| 18:52 | Create | Villager (Male) |
| 18:59 | Create | Villager (Male) ×5 |
| 19:08 | Build | Blacksmith |
| 19:11 | Build | Market |
| 19:26 | Build | House |
| 19:27 | Build | House |
| 19:29 | Build | House |
| 19:30 | Build | House |
| 19:31 | Build | House |
| 19:34 | Build | House |
| 19:35 | Build | House |
| 20:41 | Create | Villager (Male) |
| 20:42 | Create | Villager (Male) |
| 20:56 | Build | Barracks |
| 21:13 | Build | Pasture |
| 21:24 | Research | Castle Age |
| 21:53 | Research | Forging |
| 21:54 | Research | Scale Barding Armor |
| 22:07 | Research | Gold Mining |
| 22:30 | Build | Stable |
| 23:21 | Research | Stone Mining |
| 24:11 | Create | Villager (Male) ×5 |
| 24:28 | Age | Castle Age |
| 24:31 | Create | Steppe Lancer ×5 |
| 24:33 | Create | Steppe Lancer ×5 |
| 24:40 | Research | Iron Casting |
| 24:48 | Create | Villager (Male) ×5 |
| 24:54 | Build | Monastery |
| 24:57 | Build | University |
| 25:13 | Build | Mining Camp |
| 25:21 | Research | Tech 1013 |
| 25:23 | Research | Bow Saw |
| 25:45 | Create | Monk |
| 26:19 | Build | Town Center |
| 26:39 | Build | Pasture |
| 27:08 | Create | Villager (Male) ×5 |
| 27:10 | Create | Villager (Male) ×5 |
| 27:34 | Build | Pasture |
| 27:44 | Build | Pasture |
| 28:49 | Build | Siege Workshop |
| 29:20 | Build | House |
| 29:22 | Build | House |
| 29:24 | Build | House |
| 29:26 | Build | House |
| 29:26 | Build | House |
| 29:28 | Build | House |
| 29:50 | Research | Imperial Age |
| 30:17 | Research | Husbandry |
| 30:24 | Create | Steppe Lancer ×2 |
| 31:18 | Build | Outpost |
| 32:16 | Create | Villager (Male) ×5 |
| 32:19 | Research | Wheelbarrow |
| 32:26 | Create | Villager (Male) ×5 |
| 32:34 | Build | Pasture |
| 32:48 | Build | Pasture |
| 33:00 | Age | Imperial Age |
| 33:11 | Research | Fortified Wall (upgrade) |
| 33:12 | Research | Treadmill Crane |
| 33:15 | Research | Chemistry |
| 33:29 | Build | Castle |
| 33:37 | Research | Ballistics |
| 33:47 | Create | Steppe Lancer ×5 |
| 33:59 | Create | Villager (Male) ×5 |
| 34:04 | Research | Two-Man Saw |
| 34:26 | Research | Tech 1012 |
| 35:47 | Create | Trebuchet (Packed) |
| 35:56 | Research | Tech 1007 |
| 35:57 | Create | Trebuchet (Packed) |
| 36:08 | Research | Elite Steppe Lancer (upgrade) |
| 36:16 | Build | Stable |
| 36:22 | Build | Stable |
| 36:24 | Build | Stable |
| 36:25 | Build | Stable |
| 36:25 | Build | Stable |
| 36:27 | Build | Stable |
| 36:28 | Build | Stable |
| 36:30 | Build | Stable |
| 37:04 | Research | Fletching |
| 37:05 | Research | Chain Barding Armor |
| 37:21 | Create | Villager (Male) ×5 |
| 37:44 | Research | Bodkin Arrow |
| 37:55 | Create | Trebuchet (Packed) |
| 38:18 | Build | Pasture |
| 38:49 | Research | Plate Barding Armor |
| 39:03 | Create | Steppe Lancer ×5 |
| 39:03 | Create | Steppe Lancer ×3 |
| 39:16 | Create | Villager (Male) ×2 |
| 39:24 | Build | Gate |
| 40:30 | Build | Pasture |
| 40:35 | Research | Hand Cart |
| 40:39 | Create | Villager (Male) ×5 |
Build order — XSebasnatorX
First 150 of 520 actions detected
| 0:08 | Build | House |
| 0:09 | Create | Villager (Male) |
| 0:09 | Create | Villager (Male) |
| 0:10 | Create | Villager (Male) |
| 0:10 | Create | Villager (Male) |
| 0:10 | Create | Villager (Male) |
| 1:34 | Build | Palisade Wall |
| 1:39 | Create | Villager (Male) |
| 2:49 | Create | Villager (Male) |
| 2:50 | Create | Villager (Male) |
| 3:02 | Build | House |
| 4:17 | Create | Villager (Male) |
| 4:17 | Create | Villager (Male) |
| 4:20 | Create | Villager (Male) |
| 5:19 | Build | House |
| 5:42 | Build | Mill |
| 6:00 | Create | Villager (Male) |
| 6:01 | Create | Villager (Male) |
| 6:10 | Create | Villager (Male) |
| 9:03 | Build | Lumber Camp |
| 9:15 | Research | Loom |
| 9:58 | Research | Feudal Age |
| 10:59 | Build | House |
| 11:00 | Build | House |
| 11:02 | Build | House |
| 12:08 | Age | Feudal Age |
| 12:15 | Create | Villager (Male) |
| 12:16 | Create | Villager (Male) |
| 12:16 | Create | Villager (Male) |
| 12:22 | Create | Villager (Male) |
| 12:23 | Create | Villager (Male) |
| 12:32 | Build | Mining Camp |
| 12:59 | Research | Double-Bit Axe |
| 13:46 | Create | Villager (Male) |
| 13:46 | Create | Villager (Male) |
| 13:46 | Create | Villager (Male) |
| 13:46 | Create | Villager (Male) |
| 14:06 | Build | Lumber Camp |
| 14:27 | Build | Farm |
| 14:38 | Build | Farm |
| 14:53 | Build | Farm |
| 15:17 | Build | Farm |
| 15:28 | Build | Farm |
| 15:52 | Build | Farm |
| 15:55 | Research | Wheelbarrow |
| 15:58 | Create | Villager (Male) |
| 15:58 | Create | Villager (Male) |
| 15:58 | Create | Villager (Male) |
| 16:08 | Research | Horse Collar |
| 16:21 | Build | Farm |
| 16:33 | Build | Farm |
| 17:09 | Build | Barracks |
| 17:37 | Build | Farm |
| 17:44 | Build | Farm |
| 18:16 | Build | Market |
| 18:23 | Create | Villager (Male) |
| 18:24 | Create | Villager (Male) |
| 18:24 | Create | Villager (Male) |
| 18:24 | Create | Villager (Male) |
| 18:30 | Create | Villager (Male) |
| 19:04 | Build | Farm |
| 19:19 | Build | Farm |
| 19:22 | Build | Farm |
| 19:26 | Build | Farm |
| 19:54 | Build | Blacksmith |
| 19:59 | Build | House |
| 20:08 | Build | Farm |
| 20:23 | Build | Farm |
| 20:49 | Build | Outpost |
| 20:56 | Build | Farm |
| 21:04 | Build | House |
| 21:05 | Build | House |
| 21:08 | Research | Castle Age |
| 21:57 | Create | Trade Cart |
| 22:42 | Build | Mining Camp |
| 22:54 | Research | Stone Mining |
| 22:55 | Research | Gold Mining |
| 23:07 | Research | Scale Barding Armor |
| 23:14 | Research | Padded Archer Armor |
| 23:15 | Research | Fletching |
| 23:31 | Create | Trade Cart |
| 23:48 | Age | Castle Age |
| 24:04 | Create | Villager (Male) |
| 24:04 | Create | Villager (Male) |
| 24:05 | Create | Villager (Male) |
| 24:05 | Create | Villager (Male) |
| 24:07 | Create | Villager (Male) |
| 24:08 | Create | Villager (Male) |
| 24:25 | Build | Farm |
| 24:29 | Build | Farm |
| 25:06 | Create | Villager (Male) |
| 25:06 | Create | Villager (Male) |
| 25:07 | Create | Villager (Male) |
| 25:27 | Build | Lumber Camp |
| 25:36 | Research | Chain Barding Armor |
| 26:20 | Research | Bow Saw |
| 26:30 | Build | House |
| 26:32 | Build | House |
| 26:52 | Create | Villager (Male) |
| 26:52 | Create | Villager (Male) |
| 26:53 | Create | Villager (Male) |
| 26:53 | Create | Villager (Male) |
| 27:52 | Build | Castle |
| 28:00 | Build | Town Center |
| 28:23 | Build | Stable |
| 29:08 | Build | Stone Wall |
| 29:52 | Build | Stable |
| 30:05 | Research | Scale Mail Armor |
| 30:06 | Research | Forging |
| 30:19 | Create | Villager (Male) |
| 30:19 | Create | Villager (Male) |
| 30:19 | Create | Villager (Male) |
| 30:34 | Create | Villager (Male) |
| 30:35 | Create | Villager (Male) |
| 30:35 | Create | Villager (Male) |
| 30:35 | Create | Villager (Male) |
| 30:35 | Create | Villager (Male) |
| 30:36 | Create | Villager (Male) |
| 31:16 | Research | Imperial Age |
| 31:30 | Build | Monastery |
| 31:38 | Research | Gold Shaft Mining |
| 31:45 | Build | University |
| 31:52 | Create | Battle Elephant |
| 31:52 | Create | Battle Elephant |
| 31:53 | Create | Battle Elephant |
| 32:16 | Create | Villager (Male) |
| 32:17 | Create | Villager (Male) |
| 32:17 | Create | Villager (Male) |
| 32:21 | Create | Monk |
| 32:49 | Create | Battle Elephant |
| 32:49 | Create | Battle Elephant |
| 33:25 | Create | Battle Elephant |
| 33:26 | Create | Battle Elephant |
| 33:26 | Create | Battle Elephant |
| 33:26 | Create | Battle Elephant |
| 33:26 | Create | Battle Elephant |
| 33:30 | Create | Ratha (Ranged) |
| 33:30 | Create | Ratha (Ranged) |
| 33:31 | Create | Ratha (Ranged) |
| 33:31 | Create | Ratha (Ranged) |
| 33:31 | Create | Ratha (Ranged) |
| 33:31 | Create | Ratha (Ranged) |
| 33:45 | Build | Mining Camp |
| 34:14 | Research | Chain Mail Armor |
| 34:30 | Research | Hand Cart |
| 34:44 | Age | Imperial Age |
| 34:47 | Create | Villager (Male) |
| 34:47 | Create | Villager (Male) |
| 34:48 | Create | Villager (Male) |
| 34:48 | Create | Villager (Male) |
Build order — ViejitaX
First 150 of 607 actions detected
| 0:00 | Create | Villager (Male) |
| 0:01 | Create | Villager (Male) |
| 0:01 | Create | Villager (Male) |
| 0:01 | Create | Villager (Male) |
| 0:03 | Build | House |
| 0:06 | Build | House |
| 0:34 | Research | Loom |
| 0:38 | Research | Loom |
| 0:38 | Create | Villager (Male) |
| 0:40 | Create | Villager (Male) |
| 1:32 | Create | Villager (Male) |
| 2:24 | Create | Villager (Male) |
| 3:06 | Create | Villager (Male) |
| 3:06 | Create | Villager (Male) |
| 3:06 | Create | Villager (Male) |
| 4:08 | Create | Villager (Male) |
| 4:20 | Build | Palisade Wall |
| 4:21 | Create | Villager (Male) |
| 4:21 | Create | Villager (Male) |
| 4:21 | Create | Villager (Male) |
| 4:22 | Create | Villager (Male) |
| 5:09 | Create | Villager (Male) |
| 5:10 | Create | Villager (Male) |
| 5:15 | Build | House |
| 5:16 | Build | House |
| 5:18 | Create | Villager (Male) |
| 5:45 | Build | Mill |
| 5:47 | Create | Villager (Male) |
| 5:59 | Create | Villager (Male) |
| 6:31 | Create | Villager (Male) |
| 6:41 | Create | Villager (Male) |
| 6:55 | Build | Lumber Camp |
| 7:01 | Create | Villager (Male) |
| 7:28 | Create | Villager (Male) |
| 7:37 | Create | Villager (Male) |
| 7:48 | Create | Villager (Male) |
| 8:26 | Create | Villager (Male) |
| 8:47 | Create | Villager (Male) |
| 9:02 | Create | Villager (Male) |
| 9:24 | Research | Feudal Age |
| 9:40 | Build | Mining Camp |
| 9:51 | Create | Villager (Male) |
| 10:19 | Build | Lumber Camp |
| 10:46 | Build | House |
| 11:45 | Research | Double-Bit Axe |
| 12:16 | Build | House |
| 12:19 | Build | House |
| 12:51 | Build | Mill |
| 13:34 | Create | Villager (Male) |
| 13:36 | Create | Villager (Male) |
| 14:08 | Build | Blacksmith |
| 14:36 | Build | Market |
| 14:43 | Create | Villager (Male) |
| 14:45 | Create | Villager (Male) |
| 15:41 | Create | Villager (Male) |
| 15:42 | Create | Villager (Male) |
| 16:12 | Build | Farm |
| 16:12 | Build | Farm |
| 16:13 | Build | Farm |
| 16:20 | Research | Castle Age |
| 16:41 | Build | Farm |
| 16:41 | Build | Farm |
| 16:55 | Build | Farm |
| 16:55 | Build | Farm |
| 16:56 | Build | Farm |
| 16:56 | Build | Farm |
| 16:56 | Build | Farm |
| 16:57 | Build | Farm |
| 16:57 | Build | Farm |
| 16:57 | Build | Farm |
| 17:18 | Build | Stone Wall |
| 17:39 | Build | House |
| 17:41 | Build | House |
| 17:42 | Build | House |
| 17:44 | Build | House |
| 17:46 | Build | House |
| 17:48 | Create | Villager (Male) |
| 18:56 | Build | Farm |
| 19:04 | Create | Villager (Male) |
| 19:30 | Create | Villager (Male) |
| 19:48 | Build | Farm |
| 19:49 | Build | Farm |
| 19:56 | Create | Villager (Male) |
| 20:31 | Build | Monastery |
| 20:36 | Build | University |
| 20:39 | Create | Villager (Male) |
| 21:00 | Create | Villager (Male) |
| 21:17 | Build | Town Center |
| 21:24 | Create | Villager (Male) |
| 21:36 | Create | Villager (Male) |
| 22:00 | Create | Villager (Male) |
| 22:01 | Create | Villager (Male) |
| 22:01 | Create | Villager (Male) |
| 22:01 | Create | Villager (Male) |
| 22:01 | Create | Villager (Male) |
| 22:06 | Create | Villager (Male) |
| 22:06 | Create | Villager (Male) |
| 22:21 | Create | Villager (Male) |
| 22:44 | Build | Mining Camp |
| 22:49 | Create | Villager (Male) |
| 23:20 | Research | Imperial Age |
| 23:23 | Create | Villager (Male) |
| 23:59 | Build | Gate |
| 24:12 | Create | Villager (Male) |
| 24:13 | Create | Villager (Male) |
| 24:18 | Create | Villager (Male) |
| 24:24 | Research | Bow Saw |
| 24:39 | Research | Horse Collar |
| 24:54 | Build | Barracks |
| 25:00 | Research | Forging |
| 25:11 | Build | Farm |
| 25:12 | Build | Farm |
| 25:21 | Create | Villager (Male) |
| 25:23 | Create | Villager (Male) |
| 26:12 | Create | Villager (Male) |
| 26:12 | Create | Villager (Male) |
| 26:23 | Research | Gold Mining |
| 26:57 | Build | Stable |
| 26:59 | Build | Stable |
| 27:04 | Create | Villager (Male) |
| 27:04 | Create | Villager (Male) |
| 27:19 | Create | Villager (Male) |
| 27:29 | Research | Heavy Plow |
| 27:39 | Research | Iron Casting |
| 27:49 | Create | Villager (Male) |
| 28:02 | Create | Villager (Male) |
| 28:27 | Create | Villager (Male) |
| 28:28 | Create | Villager (Male) |
| 28:29 | Create | Villager (Male) |
| 28:49 | Create | Villager (Male) |
| 28:50 | Create | Villager (Male) |
| 29:10 | Build | Farm |
| 29:11 | Build | Farm |
| 29:11 | Build | Farm |
| 29:11 | Build | Farm |
| 29:11 | Build | Farm |
| 29:12 | Build | Farm |
| 29:12 | Build | Farm |
| 29:12 | Build | Farm |
| 29:13 | Build | Farm |
| 29:13 | Build | Farm |
| 29:13 | Build | Farm |
| 29:14 | Build | Farm |
| 29:23 | Create | Villager (Male) |
| 29:23 | Create | Villager (Male) |
| 29:30 | Research | Husbandry |
| 29:33 | Create | Villager (Male) |
| 29:40 | Create | Villager (Male) |
| 30:12 | Create | Monk |
| 30:26 | Create | Villager (Male) |
Match timeline
| 0:47 | Jez · wall_segment Palisade Wall x10 |
| 1:34 | XSebasnatorX · wall_segment Palisade Wall x11 |
| 2:02 | NKPIN · wall_segment Palisade Wall x8 |
| 4:20 | ViejitaX · wall_segment Palisade Wall x13 |
| 11:33 | Jez · first_building Barracks |
| 12:08 | XSebasnatorX · age_up feudal |
| 15:08 | NKPIN · age_up feudal |
| 15:46 | NKPIN · wall_segment Stone Wall x9 |
| 16:59 | Jez · age_up feudal |
| 17:09 | XSebasnatorX · first_building Barracks |
| 17:18 | ViejitaX · wall_segment Stone Wall x11 |
| 19:22 | Jez · wall_segment Palisade Wall x10 |
| 20:31 | ViejitaX · first_building Monastery |
| 20:56 | NKPIN · first_building Barracks |
| 21:04 | Jez · first_building Stable |
| 21:08 | Jez · first_building Archery Range |
| 22:30 | NKPIN · first_building Stable |
| 23:10 | ViejitaX · first_market_sell 500 wood |
| 23:48 | XSebasnatorX · age_up castle |
| 24:28 | NKPIN · age_up castle |
| 24:54 | NKPIN · first_building Monastery |
| 24:54 | ViejitaX · first_building Barracks |
| 25:46 | ViejitaX · tribute_sent a jugador 1 |
| 25:46 | ViejitaX · tribute_sent a jugador 2 |
| 25:46 | ViejitaX · tribute_sent a jugador 3 |
| 26:57 | ViejitaX · first_building Stable |
| 27:52 | XSebasnatorX · first_building Castle |
| 28:23 | XSebasnatorX · first_building Stable |
| 28:49 | NKPIN · first_building Siege Workshop |
| 29:08 | XSebasnatorX · wall_segment Stone Wall x16 |
| 29:49 | Jez · age_up castle |
| 29:52 | Jez · first_building Siege Workshop |
| 29:58 | Jez · first_building Castle |
| 30:24 | Jez · first_building Monastery |
| 31:14 | XSebasnatorX · first_market_sell 100 wood |
| 31:30 | XSebasnatorX · first_building Monastery |
| 33:00 | NKPIN · age_up imperial |
| 33:29 | NKPIN · first_building Castle |
| 34:44 | XSebasnatorX · age_up imperial |
| 35:07 | ViejitaX · first_building Castle |
| 35:27 | NKPIN · first_market_sell 500 wood |
| 38:14 | ViejitaX · first_building Siege Workshop |
| 38:53 | Jez · age_up imperial |
| 41:45 | XSebasnatorX · first_building Archery Range |
| 44:49 | NKPIN · first_market_buy 100 wood |
| 46:41 | Jez · first_market_sell 100 wood |
| 46:43 | Jez · first_market_buy 100 wood |
| 54:28 | NKPIN · wall_segment Stone Wall x9 |
| 55:50 | NKPIN · wall_segment Stone Wall x9 |
| 56:19 | NKPIN · wall_segment Stone Wall x9 |
| 57:05 | NKPIN · wall_segment Stone Wall x8 |
| 57:27 | NKPIN · wall_segment Stone Wall x8 |
| 65:58 | XSebasnatorX · wall_segment Stone Wall x8 |
| 66:41 | ViejitaX · tribute_sent a jugador 1 |
| 66:41 | ViejitaX · tribute_sent a jugador 2 |
| 66:41 | ViejitaX · tribute_sent a jugador 3 |
| 72:33 | NKPIN · wall_segment Stone Wall x1 |
| 72:41 | NKPIN · wall_segment Stone Wall x2 |
| 89:01 | XSebasnatorX · tribute_sent a jugador 1 |
| 89:01 | XSebasnatorX · tribute_sent a jugador 2 |
| 89:01 | XSebasnatorX · tribute_sent a jugador 4 |
| 90:21 | XSebasnatorX · wall_segment Stone Wall x8 |
| 90:41 | XSebasnatorX · tribute_sent a jugador 1 |
| 90:41 | XSebasnatorX · tribute_sent a jugador 2 |
| 90:41 | XSebasnatorX · tribute_sent a jugador 4 |
| 90:52 | XSebasnatorX · tribute_sent a jugador 1 |
| 90:52 | XSebasnatorX · tribute_sent a jugador 2 |
| 90:52 | XSebasnatorX · tribute_sent a jugador 4 |
| 95:47 | Jez · resign |
[ AI ANALYSIS · 1 CREDIT ]
What really happened in this match?
Wolo.gg analyzes every decision: build order, eco, micro, common mistakes by bracket. Personalized analysis on WhatsApp or Discord in 30 seconds.
Civ guide
Cumans
Map guide
Black Forest
Perfil
Jez